Map: [ESL] Babylon

Players

Coffee

  • Race: Terran Terran

Spirit - Winner!

  • Race: Terran Terran

Event: IEM Katowice 2023

VOD

Have the link to the VOD?

Description

Time

  • Played on: Feb. 8, 2023, 7:11 a.m.
  • Length: 17:35

All games in this series

Show
View Real Time Build Order
Export as new Build Order

Coffee Terran 

Build Orders: Gas First Reaper Expand, Hellion Opening 

Get SALT Encoding   

  12  0:00  SCV  
  13  0:12  SCV  
  14  0:16  Supply Depot  
  14  0:24  SCV  
  14  0:27  Refinery  
  15  0:38  SCV  
  16  0:44  Barracks  
  16  0:50  SCV  
  17  1:02  SCV  
  18  1:14  SCV  
  19  1:32  Orbital Command, Reaper  
  20  1:42  Command Center  
  20  1:53  Factory  
  20  1:58  SCV  
  21  2:04  Supply Depot  
  21  2:07  Barracks Reactor  
  21  2:11  SCV  
  21  2:14  Refinery  
  22  2:23  SCV  
  23  2:35  SCV  
  24  2:40  Starport  
  24  2:47  SCV, Hellion x2  
  29  2:54  Orbital Command  
  29  2:59  SCV, Barracks Tech Lab  
  30  3:10  Hellion x2  
  30  3:11  SCV  
  35  3:17  Refinery  
  35  3:21  SCV  
  35  3:23  Raven  
  35  3:26  SCV  
  39  3:33  Hellion x2  
  43  3:37  Supply Depot  
  43  3:41  SCV  
  43  3:43  SCV  
  45  3:51  Barracks Tech Lab  
  45  3:53  SCV  
  46  3:58  SCV  
  46  3:59  Raven  
  46  4:01  Supply Depot x2  
  49  4:06  SCV  
  50  4:11  SCV  
  50  4:14  Cyclone  
  54  4:22  Marine x2, SCV  
  54  4:23  SCV  
  58  4:33  Raven  
  58  4:34  SCV  
  58  4:35  SCV  
  62  4:38  Command Center  
  62  4:42  Marine x2  
  64  4:46  SCV, Supply Depot  
  64  4:51  Siege Tank  
  64  4:52  SCV  
  69  5:00  SCV, Supply Depot  
  70  5:07  SCV  
  68  5:15  Starport Reactor  
  68  5:17  Barracks  
  68  5:18  Marine, Stimpack  
  69  5:21  SCV x2  
  69  5:23  Barracks  
  69  5:26  Siege Tank  
  74  5:33  SCV x2  
  76  5:36  Marine  
  77  5:45  SCV x2  
  77  5:47  Engineering Bay  
  77  5:48  Engineering Bay  
  79  5:55  Orbital Command  
  76  5:57  SCV  
  76  5:58  SCV  
  76  6:01  Refinery, Starport Reactor  
  77  6:09  Marine  
  77  6:10  Marine  
  78  6:12  Siege Tank  
  78  6:15  Terran Infantry Armor Level 1, Terran Infantry Weapons Level 1, SCV x2  
  78  6:17  Marine  
  78  6:18  Marine  
  85  6:27  SCV  
  85  6:29  Marine x3  
  85  6:30  SCV  
  85  6:31  SCV  
  87  6:35  Marine x2  
  70  6:47  Siege Tank  
  70  6:48  Marine x3, Medivac x2  
  70  6:50  SCV x2  
  70  6:52  SCV  
  70  6:53  Marine x2  
  85  6:59  Combat Shield  
  83  7:02  SCV x2  
  83  7:04  SCV  
  83  7:05  Marine  
  83  7:06  Marine x2  
  87  7:11  Marine x2  
  87  7:13  Barracks  
  87  7:14  Barracks  
  88  7:23  Marine x3, Medivac  
  88  7:24  Medivac, SCV x2  
  97  7:30  Supply Depot  
  97  7:31  Supply Depot  
  97  7:37  Marine x2  
  97  7:39  SCV x2  
  97  7:41  Armory  
  97  7:42  Supply Depot x2  
  101  7:51  SCV x2  
  101  7:52  Siege Tank  
  101  7:55  Supply Depot  
  101  7:56  Supply Depot  
  106  8:03  Marine x3  
  106  8:04  Barracks Reactor  
  106  8:05  Barracks Reactor  
  109  8:11  Command Center  
  109  8:19  Marine  
  110  8:20  Marine  
  110  8:21  Marine x2  
  110  8:26  Medivac  
  115  8:34  Marine  
  116  8:42  Marine  
  116  8:43  Marine x4, Siege Tank  
  116  8:44  Terran Infantry Weapons Level 2, Terran Infantry Armor Level 2  
  124  8:48  Barracks, SCV  
  124  8:49  Barracks, SCV  
  124  8:50  Marine x3  
  124  8:52  Barracks  
  129  8:55  Marine  
  129  8:56  Refinery  
  129  8:57  Refinery  
  129  9:00  Marine  
  131  9:10  Marine x2  
  131  9:12  Marine x3, Sensor Tower  
  131  9:13  Medivac  
  131  9:16  Supply Depot  
  136  9:19  Missile Turret  
  136  9:25  Planetary Fortress  
  136  9:26  Marine x2, SCV x3  
  136  9:27  Marine  
  136  9:28  Marine  
  144  9:31  Marine x2  
  144  9:37  Marine x2, Barracks Reactor  
  147  9:41  Factory  
  147  9:42  Barracks Reactor x2  
  147  9:43  SCV x2  
  147  9:44  Marine x2, SCV  
  151  9:45  Marine x2  
  151  9:52  Barracks Reactor  
  148  9:56  Siege Tank, Marine x2  
  148  9:57  Marine x2  
  152  10:02  Marine x2  
  152  10:03  Marine  
  152  10:08  Marine  
  152  10:13  Viking x2  
  152  10:14  Marine x2  
  157  10:15  Marine  
  157  10:16  SCV x2  
  162  10:24  Siege Tank  
  162  10:28  Siege Tank  
  165  10:32  Marine x3  
  165  10:33  Marine x5  
  165  10:37  Marine x2  
  165  10:40  Marine x3  
  161  10:48  Marine x3  
  147  10:50  Marine  
  147  10:55  Marine  
  147  10:56  Marine x5  
  150  11:00  Marine x2  
  147  11:15  Starport Reactor  
  147  11:18  Marine x3  
  144  11:19  Marine  
  144  11:23  Marine x2  
  144  11:24  SCV x2  
  152  11:28  Orbital Command  
  151  11:35  Marine x3  
  151  11:36  SCV x2  
  159  11:40  Siege Tank  
  153  11:50  Marine x3  
  153  11:51  Marine x2  
  153  11:52  Marine x2  
  160  11:58  Marine x2  
  160  11:59  Sensor Tower  
  160  12:00  Marine  
  160  12:10  Siege Tank  
  163  12:16  Terran Infantry Weapons Level 3, Terran Infantry Armor Level 3  
  163  12:21  Marine  
  163  12:22  Marine x7  
  168  12:35  Marine x4  
  168  12:36  Marine  
  173  12:51  Supply Depot  
  173  12:52  Supply Depot  
  173  12:53  Supply Depot x2  
  173  12:56  Supply Depot  
  173  12:57  Supply Depot  
  167  12:58  Supply Depot  
  165  13:06  Marine  
  165  13:08  Marine  
  165  13:13  Marine x6, Siege Tank  
  165  13:19  Command Center  
  173  13:20  Siege Tank  
  173  13:23  Marine  
  173  13:24  Marine x4  
  173  13:25  SCV x2  
  173  13:26  Liberator x2  
  189  13:31  SCV  
  189  13:33  Refinery  
  190  13:35  Refinery  
  190  13:37  SCV  
  176  13:42  Marine x3  
  176  13:43  Marine x2  
  176  13:45  Siege Tank  
  176  13:47  Marine x2  
  176  13:48  Marine  
  183  13:54  SCV x3  
  183  13:56  Marine x3  
  183  14:09  Viking x2  
  187  14:10  Marine  
  187  14:11  Marine x6  
  187  14:15  SCV x2  
  196  14:26  Marine x2  
  198  14:37  Marine  
  198  14:38  Marine  
  168  14:54  Viking x2  
  147  15:03  Marine x5  
  149  15:09  SCV x2  
  149  15:12  Siege Tank  
  149  15:13  Siege Tank  
  154  15:17  Marine  
  154  15:20  SCV  
  154  15:21  SCV x2  
  157  15:23  Command Center, Refinery  
  157  15:24  Medivac x2, Refinery  
  157  15:27  Missile Turret  
  161  15:36  Marine  
  161  15:37  Marine x6  
  168  15:46  SCV  
  168  15:49  Planetary Fortress  
  169  15:50  Marine  
  169  15:53  Marine  
  171  16:03  Marine x3  
  159  16:07  Marine  
  159  16:08  Marine x5  
  159  16:09  Marine x3  
  164  16:12  Marine x2  
  164  16:16  SCV x2  
  164  16:21  Marine x3  
  155  16:31  Siege Tank, Barracks Reactor  
  132  16:53  SCV x3  
  135  16:55  Orbital Command  
  135  16:59  Siege Tank  
  135  17:05  Marine  
  135  17:06  Marine x6  
Show
View Real Time Build Order
Export as new Build Order

Spirit Terran - Winner!

Build Orders: Reaper Expand 

Get SALT Encoding   

  12  0:00  SCV  
  13  0:12  SCV  
  14  0:17  Supply Depot  
  14  0:24  SCV  
  15  0:38  SCV  
  15  0:41  Barracks  
  16  0:44  Refinery  
  16  0:50  SCV  
  17  1:03  SCV  
  18  1:15  SCV  
  19  1:27  Reaper  
  19  1:28  Orbital Command  
  20  1:42  Command Center  
  20  1:51  Supply Depot  
  20  1:55  SCV  
  20  1:59  Marine  
  22  2:07  SCV  
  23  2:11  Factory  
  23  2:19  Bunker, SCV  
  23  2:22  Reaper  
  25  2:26  Refinery  
  25  2:34  SCV  
  26  2:50  SCV  
  27  2:55  Orbital Command, Hellion  
  27  2:56  Starport  
  29  3:02  SCV  
  29  3:05  Barracks Reactor  
  30  3:06  Refinery  
  30  3:15  SCV  
  30  3:16  Hellion  
  33  3:21  SCV  
  33  3:24  Supply Depot  
  35  3:27  SCV  
  35  3:33  SCV  
  36  3:34  Starport Tech Lab  
  36  3:38  Factory Tech Lab  
  36  3:39  SCV  
  37  3:42  Marine x2  
  37  3:45  SCV  
  40  3:51  Supply Depot  
  40  3:52  Raven  
  40  3:53  SCV  
  43  3:56  Cyclone  
  43  3:59  SCV  
  47  4:04  Marine  
  47  4:05  Marine  
  47  4:06  SCV  
  50  4:11  SCV  
  50  4:15  Supply Depot  
  51  4:18  SCV  
  51  4:23  SCV  
  53  4:30  Command Center  
  55  4:31  Raven  
  55  4:35  SCV x2  
  57  4:38  Marine  
  57  4:40  Supply Depot  
  57  4:41  Marine  
  57  4:45  Siege Tank  
  62  4:47  SCV  
  62  4:48  SCV  
  64  4:55  Refinery  
  64  4:59  SCV  
  65  5:00  SCV  
  65  5:04  Marine, Supply Depot  
  65  5:05  Raven  
  69  5:07  Marine  
  69  5:11  SCV  
  69  5:12  SCV  
  71  5:20  Siege Tank  
  74  5:21  Barracks  
  74  5:22  Barracks  
  74  5:23  SCV  
  74  5:25  SCV  
  76  5:32  Engineering Bay  
  76  5:33  Engineering Bay  
  76  5:35  SCV  
  76  5:38  SCV  
  78  5:47  SCV  
  78  5:49  Viking x2  
  83  5:50  SCV  
  83  5:54  Siege Tank  
  83  5:55  SCV  
  86  6:00  Marine, SCV  
  89  6:07  SCV  
  89  6:10  Marine x2  
  88  6:12  SCV  
  88  6:18  Marine  
  88  6:19  SCV, Viking  
  88  6:24  SCV, Viking  
  95  6:25  Sensor Tower  
  95  6:26  Siege Tank  
  95  6:31  Marine, SCV  
  99  6:36  SCV  
  95  6:42  Marine x2  
  95  6:44  SCV  
  95  6:46  Orbital Command  
  91  6:48  SCV  
  91  6:49  Marine  
  92  6:54  Viking  
  92  6:56  SCV  
  92  6:58  Siege Tank  
  92  7:00  Marine, SCV  
  100  7:06  Barracks Tech Lab  
  100  7:07  Barracks Tech Lab  
  100  7:08  SCV  
  100  7:09  Terran Infantry Armor Level 1, Terran Infantry Weapons Level 1  
  100  7:12  SCV  
  100  7:15  Barracks  
  101  7:17  Barracks  
  101  7:21  Supply Depot x2  
  101  7:23  Barracks Reactor  
  101  7:25  Stimpack, Combat Shield  
  101  7:27  Starport Reactor  
  101  7:38  Refinery  
  101  7:39  Refinery  
  101  7:42  Marine x2, Supply Depot  
  101  7:43  SCV x3, Supply Depot  
  106  7:50  Command Center  
  106  7:52  Sensor Tower  
  106  7:55  SCV x2  
  108  7:59  Supply Depot  
  108  8:00  Marine x3  
  108  8:03  Barracks Reactor x2  
  108  8:05  Medivac x2  
  115  8:07  Supply Depot  
  115  8:08  Marine  
  115  8:09  SCV  
  115  8:12  SCV, Supply Depot  
  118  8:13  SCV  
  118  8:14  Supply Depot  
  118  8:16  Siege Tank  
  118  8:18  Marine  
  122  8:22  Marine  
  122  8:25  Marine  
  122  8:27  Marine  
  122  8:29  SCV  
  122  8:35  Marine  
  122  8:38  SCV  
  122  8:39  Marine  
  122  8:40  Marine  
  122  8:41  Marine  
  123  8:42  Marine x2  
  123  8:43  Marine  
  123  8:44  Marine  
  123  8:47  Liberator  
  128  8:51  Liberator  
  128  8:53  Marine  
  132  8:57  Marine  
  132  8:58  Marine  
  132  8:59  Siege Tank  
  132  9:01  Marine x3  
  140  9:03  Marine x2  
  140  9:07  SCV  
  143  9:12  Marine  
  143  9:13  Sensor Tower, SCV  
  143  9:15  Marine  
  146  9:17  SCV  
  146  9:19  Marine  
  146  9:22  Marine  
  149  9:27  Marine  
  149  9:29  SCV  
  151  9:35  Marine, Siege Tank  
  151  9:36  Marine x3  
  151  9:37  Marine x2, SCV  
  161  9:40  Marine  
  161  9:43  SCV  
  161  9:45  Marine  
  163  9:49  Armory  
  163  9:52  Sensor Tower, SCV  
  165  9:53  Marine  
  165  9:54  Marine x4  
  165  9:55  Marine  
  165  9:58  Marine  
  170  10:03  Marine  
  170  10:04  Planetary Fortress  
  168  10:08  Siege Tank  
  168  10:09  SCV  
  168  10:11  Marine, SCV  
  168  10:12  Marine x4  
  168  10:13  Marine  
  179  10:16  Marine  
  180  10:34  Marine  
  180  10:35  Marine  
  180  10:36  Factory  
  180  10:39  Terran Infantry Weapons Level 2, Supply Depot x2  
  180  10:42  Terran Infantry Armor Level 2  
  180  10:45  Marine x2, SCV  
  180  10:46  Marine x4, SCV  
  180  10:48  Siege Tank  
  180  10:53  Marine, SCV  
  180  10:59  Medivac, Supply Depot  
  180  11:00  Marine, Terran Vehicle Weapons Level 1, Medivac  
  180  11:02  Marine  
  180  11:03  Marine x2  
  180  11:04  Marine x3  
  184  11:06  SCV, Refinery x2  
  184  11:07  Starport  
  184  11:08  Starport  
  187  11:11  Marine  
  187  11:18  Marine  
  186  11:20  Marine  
  186  11:21  Marine x3, Command Center, Missile Turret  
  186  11:22  Marine x2, Missile Turret  
  186  11:24  Missile Turret  
  192  11:29  Marine, Viking  
  192  11:30  Viking  
  196  11:35  Marine  
  196  11:37  Fusion Core  
  197  11:40  Factory Tech Lab  
  197  11:43  Armory  
  197  11:44  Missile Turret  
  197  11:46  Missile Turret x2  
  199  12:05  Supply Depot  
  199  12:06  Supply Depot  
  199  12:08  Supply Depot  
  199  12:09  Starport Reactor x2  
  196  12:20  Sensor Tower  
  196  12:23  Missile Turret  
  196  12:27  Liberator, Advanced Ballistics  
  199  12:41  Command Center  
  189  12:48  Terran Ship Weapons Level 1  
  189  12:50  Viking x3  
  188  12:54  Terran Vehicle And Ship Armor Level 1  
  188  12:55  Siege Tank  
  186  12:59  Viking x2  
  186  13:00  Terran Infantry Weapons Level 3, Terran Infantry Armor Level 3  
  180  13:13  Sensor Tower, Viking  
  181  13:20  Viking  
  181  13:21  Missile Turret  
  181  13:22  Missile Turret  
  187  13:29  Planetary Fortress  
  187  13:34  Missile Turret x2  
  189  13:36  Command Center  
  189  13:38  Missile Turret  
  188  13:41  Siege Tank  
  188  13:44  Smart Servos  
  194  13:50  Medivac x2  
  194  13:51  Liberator x4  
  194  13:53  Missile Turret  
  198  14:02  Orbital Command  
  198  14:03  Missile Turret  
  198  14:10  Refinery  
  198  14:12  Refinery  
  198  14:18  Command Center  
  198  14:20  Viking  
  200  14:36  Missile Turret  
  200  14:37  Sensor Tower, Missile Turret  
  200  14:48  Marine  
  200  14:49  Marine  
  200  14:51  Siege Tank x2, Marine x6  
  165  15:00  Viking  
  165  15:06  Marine, Liberator  
  169  15:07  Marine, Liberator x2  
  175  15:21  Marine  
  175  15:23  Siege Tank x2, Sensor Tower  
  175  15:24  Missile Turret  
  179  15:29  Marine x4  
  179  15:31  Marine  
  179  15:33  Marine, Liberator  
  188  15:37  Neosteel Armor  
  188  15:38  Planetary Fortress, Hi-Sec Auto Tracking  
  188  15:41  SCV x2  
  190  15:48  Marine  
  191  15:55  Siege Tank x2  
  197  15:59  Marine  
  197  16:01  Marine  
  183  16:06  Marine, Viking x2  
  183  16:08  SCV x4  
  187  16:13  Marine x2  
  187  16:14  Marine  
  190  16:20  SCV x3  
  193  16:27  Siege Tank x2  
  193  16:29  Marine  
  197  16:33  SCV  
  195  16:47  Viking  
  195  16:48  Viking x2  
  195  16:49  Marine  
  200  17:04  Sensor Tower  
  200  17:06  Marine, Orbital Command, Command Center  

Tags
 
Add a new tag
Caveats
  • Supply blocks, unpowered buildings, or Contaminate may cause inaccurate times.
  • Supply counts are checked every 10 seconds.